 Dungeon Crawl Stone Soup version 0.31-a0-233-g139696dc86 (webtiles) character file.

Game seed: 12905097582466094187

373 porpoise the Skirmisher (level 7, -2/43 HPs)
             Began as a Kobold Hunter on July 9, 2023.
             Slain by an ogre
             ... wielding a +0 giant club
              (27 damage)
             ... on level 4 of the Dungeon.
             The game lasted 00:05:11 (2807 turns).

porpoise the Skirmisher (Kobold Hunter)             Turns: 2807, Time: 00:05:11

Health: -2/43      AC:  3    Str:  8    XL:     7   Next: 2%
Magic:  7/7        EV: 14    Int: 10    God:
Gold:   119        SH:  0    Dex: 21    Spells: 6/6 levels left

rFire   . . .        a - +0 shortbow
rCold   . . .        (shield currently unavailable)
rNeg    . . .        c - +0 leather armour
rPois   .            (no helmet)
rElec   .            (no cloak)
rCorr   .            (no gloves)
SInv    .            (no boots)
Will    .....        (no amulet)
Stlth   ++++         (no ring)
HPRegen 0.27/turn    (no ring)
MPRegen 0.10/turn

%: no passive effects
@: no status effects
A: small, no large weapons, nightstalker 3
a: no special abilities


You were on level 4 of the Dungeon.
You visited 1 branch of the dungeon, and saw 4 of its levels.

You collected 119 gold pieces.

Inventory:

Hand Weapons
 a - a +0 shortbow (weapon)
 b - a +0 spear of venom
Missiles
 i - 6 boomerangs
 l - 8 poisoned darts
Armour
 c - a +0 leather armour (worn)
 j - the +1 leather armour of the Blessed Realm {rF++ rN+ MP+9 Dex-5}
   (You found it on level 2 of the Dungeon)

   Dex:       It affects your dexterity (-5).
   rF:        It greatly protects you from fire.
   rN:        It protects you from negative energy.
   MP:        It affects your magic capacity (+9).
Magical Staves
 n - a staff of fire
Jewellery
 o - an amulet of magic regeneration
Wands
 m - a wand of polymorph (5)
Scrolls
 d - 2 scrolls of immolation {unknown}
 e - 3 scrolls of teleportation
 f - a scroll of acquirement {unknown}
 g - a scroll of amnesia
 h - a scroll of identify
 k - a scroll of butterflies


   Skills:
 + Level 4.1 Fighting
 * Level 8.2 Ranged Weapons
 - Level 2.4 Dodging
 + Level 4.8 Stealth


You had 6 spell levels left.
You didn't know any spells.
Your spell library contained the following spells:

 Spells                   Type           Power      Damage    Failure   Level
 Dazzling Flash           Conj/Hex       0%         N/A       86%         3
 Agony                    Necr           0%         N/A       100%        5
 Silence                  Hex/Air        0%         N/A       100%        5


Dungeon Overview and Level Annotations

Branches:
Dungeon (4/15)
 Temple: D:4-7

Altars:

Annotations:
D:3 2 transporters


Innate Abilities, Weirdness & Mutations

You are small and have problems with some larger weapons.
You are completely attuned to the shadows.


Message History

There is a stone staircase leading down here.
There is an open door here.
Partly explored, unvisited transporter.
Partly explored, unvisited transporter.
(D) Dungeon
Where to? (Enter - D:3, ? - help)
There is a stone staircase leading down here.
You climb downwards.
There is a stone staircase leading up here.
n - a staff of fire No target in view!
You now have 119 gold pieces (gained 12).
o - an amulet of magic regeneration An iguana comes into view.
The iguana hisses angrily.
You hear a shout!
An ogre comes into view. It is wielding a +0 giant club.
You shoot an arrow. The arrow hits the iguana!
The iguana is heavily wounded.
You shoot an arrow. The arrow hits the iguana!
You kill the iguana!
You have reached level 7!
You shoot an arrow. The arrow hits the ogre.
The ogre is lightly wounded.
You shoot an arrow. The arrow barely misses the ogre.
You shoot an arrow. The arrow hits the ogre!
The ogre is heavily wounded.
The ogre barely misses you.
You shoot an arrow. The arrow completely misses the ogre.
You shoot an arrow. The arrow completely misses the ogre.
The ogre hits you with a +0 giant club.
You shoot an arrow. The arrow barely misses the ogre.
The ogre hits you with a +0 giant club!!
You shoot an arrow.
The arrow hits the ogre but does no damage.
The ogre is heavily wounded.
You shoot an arrow. The arrow hits the ogre.
The ogre is heavily wounded.
The ogre hits you with a +0 giant club!!
Ouch! That really hurt!
You die...

#.#.# #.#.#
.###.#.#
.......######
..!.....O@..#
####.######.#####
...# #......
###.# #.##### #.#
#......
####.####.
......# ####..#
.# ###..###.##


You could see an ogre.

Vanquished Creatures
  Sigmund (D:2)
  A gnoll bouda (D:3)
  An iguana (D:4)
  Natasha (D:2)
  3 adders (D:3)
  3 gnolls (D:3)
  4 dart slugs
  2 orcs (D:3)
  9 endoplasms
  3 giant cockroaches
  8 goblins
  8 hobgoblins
  4 quokkas
  3 ball pythons
  3 bats
  5 frilled lizards
  5 kobolds
  3 rats
67 creatures vanquished.

Notes
Turn   | Place    | Note
-------+----------+-------------------------------------------
     0 | D:1      | porpoise the Kobold Hunter began the quest for the Orb.
     0 | D:1      | Reached XP level 1. HP: 12/12 MP: 1/1
   209 | D:1      | Reached XP level 2. HP: 18/18 MP: 2/2
   576 | D:1      | Reached XP level 3. HP: 22/22 MP: 3/3
   604 | D:1      | You fall into a shaft and drop 1 floor!
   804 | D:1      | Reached skill level 6 in Ranged Weapons
  1139 | D:2      | Identified the +1 leather armour of the Blessed Realm {rF++
                  | rN+ MP+9 Dex-5}
  1203 | D:2      | Noticed Sigmund
  1204 | D:2      | Noticed Natasha
  1212 | D:2      | Killed Natasha
  1213 | D:2      | Reached XP level 4. HP: 7/27 MP: 4/4
  1225 | D:2      | Killed Sigmund
  1226 | D:2      | Reached skill level 7 in Ranged Weapons
  1226 | D:2      | Reached XP level 5. HP: 4/33 MP: 5/5
  1226 | D:2      | Reached XP level 6. HP: 5/38 MP: 6/6
  2222 | D:3      | Reached skill level 8 in Ranged Weapons
  2263 | D:3      | Found a transporter.
  2272 | D:3      | Found a transporter.
  2275 | D:3      | Noticed an ancient zyme
  2792 | D:4      | Noticed an ogre
  2795 | D:4      | Reached XP level 7. HP: 43/43 MP: 7/7
  2807 | D:4      | Slain by an ogre

Illustrated notes

Levels and vault maps discovered:
D:1:      erik_arrival_cave_to_civilisation [erik_arrival_cave_to_hall],
          layout_loops_ring, st_stairs_2, hangedman_decor_peaks_small
D:2:      layout_basic, hangedman_decor_diamond_cutter, uniq_sigmund,
          uniq_natasha
D:3:      layout_basic, gammafunk_ghost_abyssal_escape, nicolae_grassy_gnolls
D:4:      layout_loops_ring

Skill      XL: |  1  2  3  4  5  6 |
---------------+-------------------+-----
Stealth        | 2 4 |  4.8
Ranged Weapons | 6 7 8 |  8.2
Fighting       | 3 4 |  4.1
Dodging        | |  2.4

Action                     |  1- 3 |  4- 6 |  7- 9 || total
---------------------------+-------+-------+-------++-------
   Fire: Shortbow          |    84 |    99 |     8 ||   191
    Use: Scroll            |     1 |       |       ||     1
 Armour: Leather armour    |     8 |    13 |       ||    21
  Dodge: Dodged            |    34 |    25 |     1 ||    60

Table legend: (Time is in decaauts)
 A = Elapsed time spent in this place.
 B = Non-inter-level travel time spent in this place.
 C = Inter-level travel time spent in this place.
 D = Time resting spent in this place.
 E = Time spent auto-exploring this place.
 F = Levels seen in this place.
 G = Mean time per level.
                   A        B        C        D        E       F      G
               +--------+--------+--------+--------+--------+-----+--------+
         Total |   2829 |   2763 |     66 |    205 |   2186 |   4 |  707.2 |
       Dungeon |   2829 |   2763 |     66 |    205 |   2186 |   4 |  707.2 |
               +--------+--------+--------+--------+--------+-----+--------+

Top non-repeatable levels by time:
     D:3: 1047 daAuts
     D:1: 968 daAuts
     D:2: 766 daAuts
     D:4: 47 daAuts
